 Dungeon Crawl Stone Soup version 0.27-a0-1123-g2f9bb313c0 (webtiles) character file.

Game seed: 17888825225967486117

100 Zeld the Shield-Bearer (level 4, -4/33 HPs)
             Began as an Octopode Fighter on May 3, 2021.
             Killed from afar by Grinder (9 damage)
             ... with a puff of flame
             ... on level 3 of the Dungeon.
             The game lasted 00:04:50 (2831 turns).

Zeld the Shield-Bearer (Octopode Fighter)           Turns: 2831, Time: 00:04:51

Health: -4/33      AC:  1    Str: 16    XL:     4   Next: 74%
Magic:  4/4        EV: 11    Int: 10    God:
Gold:   87         SH:  9    Dex: 11    Spells: 3/3 levels left

rFire    . . .     SeeInvis .   a - +0 war axe
rCold    . . .     Faith    .   b - +0 kite shield
rNeg     . . .     Spirit   .   (helmet restricted)
rPois    .         Reflect  .   (no amulet)
rElec    .         Harm     .   (no ring)
rCorr    .         Rampage  .   (no ring)
Will     .....                  (no ring)
Stlth    ++........             (no ring)
HPRegen  0.11/turn              (no ring)
MPRegen  0.09/turn              (no ring)
                                (no ring)
                                (no ring)

@: mighty
A: almost no armour, amphibious, 8 rings, camouflage 1, gelatinous body 1,
(nimble swimmer 1), tentacles
a: no special abilities


You were on level 3 of the Dungeon.
You visited 1 branch of the dungeon, and saw 3 of its levels.

You collected 87 gold pieces.

Inventory:

Hand Weapons
 a - a +0 war axe (weapon)
Armour
 b - a +0 kite shield (worn)
Wands
 f - a wand of flame (11)
Scrolls
 g - a scroll of fog {unknown}
 h - a scroll of teleportation {unknown}
 i - a scroll of identify {unknown}
 j - a scroll of immolation {unknown}
 k - a scroll of amnesia {unknown}
Potions
 d - a potion of curing
 e - a potion of invisibility {unknown}
 l - a potion of cancellation {unknown}


   Skills:
 * Level 3.9 Fighting
 * Level 3.2 Axes
 - Level 3.0 Dodging
 * Level 3.9 Shields


You had 3 spell levels left.
You didn't know any spells.
Your spell library contained the following spells:

 Spells                   Type           Power      Damage    Failure   Level
 Beastly Appendage        Tmut           0%         N/A       85%         1
 Corona                   Hex            0%         N/A       85%         1
 Ensorcelled Hibernation  Hex/Ice        0%         N/A       94%         2
 Wereblood                Tmut           0%         N/A       94%         2
 Confusing Touch          Hex            0%         N/A       99%         3
 Dazzling Flash           Conj/Hex       0%         N/A       99%         3
 Spider Form              Tmut/Pois      0%         N/A       99%         3
 Tukima's Dance           Hex            0%         N/A       99%         3
 Ice Form                 Ice/Tmut       0%         N/A       100%        4
 Hydra Form               Tmut           0%         N/A       100%        5


Dungeon Overview and Level Annotations

Branches:
Dungeon (3/15)

Altars:
Elyvilon
Hepliaklqana

Annotations:
D:3 Grinder


Innate Abilities, Weirdness & Mutations

You cannot wear most types of armour.
You are amphibious.
You can wear up to eight rings at the same time.
Your skin changes colour to match your surroundings (Stealth+).
Your rubbery body absorbs attacks. (AC +1, EV +1)
((You are camouflaged near water. (Stealth+)))
You have tentacles for arms and can constrict up to eight enemies at once.


Message History

You slash the orc!
You kill the orc!
Things that are here:
a +0 mace; an orc corpse No target in view!
No target in view!
There is a fountain of clear blue water here.
Grinder shouts!
Grinder zaps a wand.
The puff of flame hits you!
Grinder is nearby!
Okay, then.
You feel very mighty all of a sudden. Grinder closely misses you.
You slash Grinder! Your grab misses Grinder.
Grinder is lightly wounded.
Grinder closely misses you.
You slash Grinder! You grab Grinder.
Grinder is heavily wounded.
You constrict Grinder. Grinder gestures at you. Pain shoots through your body!
Grinder zaps a wand.
You block the puff of flame.
You are too injured to fight recklessly!
You are too injured to fight recklessly!
You completely miss Grinder.
Grinder is heavily wounded.
You constrict Grinder.
Grinder blinks free!
Grinder blinks!
Grinder gestures at you. Pain shoots through your body!
* * * LOW HITPOINT WARNING * * *
Grinder gestures at you.
You barely resist. Grinder gestures at you. Pain shoots through your body!
* * * LOW HITPOINT WARNING * * *
You barely miss Grinder. You grab Grinder. Your squeeze misses Grinder.
Grinder is severely wounded.
You constrict Grinder.
Grinder zaps a wand.
The puff of flame hits you!
You die...

#.# #.#.#....##.##..# #.#
#.#.#....##.##..#
#.#####.#.#....##.##..###
#.......................# ##
#######.#.#....##.##..###
[### #.#.............#
...##### #.###....##.##..#
.....'.###.....5.........#
..#.##...#####.#@.##.##..###
....#..#...###.............#
...##........###.....##..###
...#..............#####..#
..##........#.##..# #..#
..#.)...⌠.....#...# #..#
.##.#........##.#.# #..#
.#...........#..#.# #..#
####........##.##.# #..#


You could see Grinder.

Vanquished Creatures
  4 adders
  A worm (D:2)
  3 dart slugs
  2 orcs (D:3)
  2 endoplasms (D:1)
  7 giant cockroaches
  9 goblins
  5 hobgoblins
  2 jackals (D:2)
  4 kobolds
  A quokka (D:3)
  3 ball pythons
  4 bats (D:2)
  3 rats
50 creatures vanquished.

Notes
Turn   | Place    | Note
-------+----------+-------------------------------------------
     0 | D:1      | Zeld the Octopode Fighter began the quest for the Orb.
     0 | D:1      | Reached XP level 1. HP: 16/16 MP: 1/1
   215 | D:1      | Reached XP level 2. HP: 3/21 MP: 2/2
   215 | D:1      | HP: 1/21 [kobold/+0 dagger (3)]
  1061 | D:2      | Reached XP level 3. HP: 24/26 MP: 3/3
  1087 | D:2      | You fall into a shaft and drop 1 floor!
  1087 | D:3      | Found a faded altar of an unknown god.
  1107 | D:3      | Noticed Grinder
  1323 | D:2      | Found a hazy altar of Hepliaklqana.
  1988 | D:2      | Reached XP level 4. HP: 32/32 MP: 4/4
  2391 | D:3      | Found a white marble altar of Elyvilon.
  2831 | D:3      | Killed from afar by Grinder

Illustrated notes

Levels and vault maps discovered:
D:1:      ebering_hopf_link, layout_basic, minmay_pentomino_r2
D:2:      layout_basic, basic_altar
D:3:      minmay_skewed_foursquare, layout_basic, elyvilon_altar_4,
          basic_ecumenical_altar, uniq_robin, uniq_grinder

Skill      XL: |  1  2  3  4 |
---------------+-------------+-----
Axes           | 3 |  3.2
Fighting       | |  3.9
Dodging        | |  3.0
Shields        | |  3.9

Action                   |  1- 3 |  4- 6 || total
-------------------------+-------+-------++-------
Melee: War axe           |    55 |    33 ||    88
       Constrict         |    12 |     9 ||    21
       Tentacles         |     6 |     3 ||     9
  Use: Potion            |     1 |     1 ||     2
 Stab: Sleeping          |     9 |     1 ||    10
Armor: Skin              |     9 |     4 ||    13
Dodge: Dodged            |    25 |    24 ||    49
Block: Kite shield       |    20 |    16 ||    36

Table legend: (Time is in decaauts)
 A = Elapsed time spent in this place.
 B = Non-inter-level travel time spent in this place.
 C = Inter-level travel time spent in this place.
 D = Time resting spent in this place.
 E = Time spent auto-exploring this place.
 F = Levels seen in this place.
 G = Mean time per level.
                   A        B        C        D        E       F      G
               +--------+--------+--------+--------+--------+-----+--------+
         Total |   2884 |   2817 |     67 |      0 |   2430 |   3 |  961.3 |
       Dungeon |   2884 |   2817 |     67 |      0 |   2430 |   3 |  961.3 |
               +--------+--------+--------+--------+--------+-----+--------+

Top non-repeatable levels by time:
     D:2: 1098 daAuts
     D:1: 1057 daAuts
     D:3: 728 daAuts
